 Dungeon Crawl Stone Soup version 0.29.1-12-g30fa7ad0bf (webtiles) character file.

Game seed: 8490728833640077050

206 MacCMillion the Digger (level 5, 0/28 HPs)
             Began as a Gargoyle Earth Elementalist on Dec 12, 2022.
             Slain by Grinder (7 damage)
             ... on level 3 of the Dungeon.
             The game lasted 00:08:36 (2371 turns).

MacCMillion the Digger (GrEE)                       Turns: 2371, Time: 00:08:36

Health: 0/28       AC:  7    Str: 12    XL:     5   Next: 84%
Magic:  8/9        EV: 12    Int: 17    God:
Gold:   221        SH:  0    Dex: 14    Spells: 6/10 levels left

rFire   + . .      SeeInvis .   p - +5 sling "Wefeanet" {freeze, Fly rF+ Dex+4}
rCold   . . .      Faith    .   (no shield)
rNeg    + . .      Spirit   .   a - +0 robe
rPois   ∞          Reflect  .   (no helmet)
rElec   +          Harm     .   i - +0 cloak
rCorr   .          Rampage  .   (no gloves)
Will    .....                   (no boots)
Stlth   ++........              (no amulet)
HPRegen 0.09/turn               (no ring)
MPRegen 0.11/turn               (no ring)

@: flying
A: sickness immunity, AC +4, negative energy resistance 1, electricity
resistance, torment resistance 1, petrification resistance
a: no special abilities


You were on level 3 of the Dungeon.
You visited 1 branch of the dungeon, and saw 3 of its levels.

You collected 221 gold pieces.

Inventory:

Hand Weapons
 f - a +0 hand axe
 l - a +0 dagger
 p - the +5 sling "Wefeanet" (weapon) {freeze, Fly rF+ Dex+4}
   (You found it on level 2 of the Dungeon)

   Any ammunition fired from it freezes those it strikes, dealing additional
   cold damage.
   It can also slow down cold-blooded creatures.
   Dex:       It affects your dexterity (+4).
   rF:        It protects you from fire.
   Fly:       It grants you flight.
Armour
 a - a +0 robe (worn)
 i - a +0 cloak (worn)
Wands
 s - a wand of quicksilver (10)
Scrolls
 c - a scroll of teleportation {unknown}
 d - 4 scrolls of identify {unknown}
 g - a scroll of magic mapping {unknown}
 h - a scroll of fear {unknown}
 n - a scroll of enchant armour {unknown}
 o - a scroll of enchant weapon {unknown}
 r - a scroll of summoning {unknown}
Potions
 b - 2 potions of magic
 e - a potion of might {unknown}
 j - a potion of heal wounds {unknown}
 k - a potion of flight {unknown}
 m - a potion of berserk rage {unknown}
 q - 3 potions of curing {unknown}
 t - a potion of attraction {unknown}


   Skills:
 - Level 1.5 Dodging
 - Level 2.1 Stealth
 - Level 3.0 Spellcasting
 + Level 3.0 Conjurations
 - Level 0.7 Transmutations
 - Level 6.0 Earth Magic


You had 6 spell levels left.
You knew the following spells:

 Your Spells              Type           Power      Damage    Failure   Level
a - Sandblast             Erth           44%        2d11      1%          1
b - Stone Arrow           Conj/Erth      34%        3d9       9%          3

Your spell library contained the following spells:

 Spells                   Type           Power      Damage    Failure   Level
 Passwall                 Tmut/Erth      10%        N/A       7%          2
 Blink                    Tloc           4%         N/A       26%         2
 Petrify                  Tmut/Erth      13%        N/A       41%         4
 Manifold Assault         Tloc           2%         N/A       99%         5
 Storm Form               Tmut/Air       1%         N/A       100%        7


Dungeon Overview and Level Annotations

Branches:
Dungeon (3/15)

Altars:

Annotations:
D:3 Grinder


Innate Abilities, Weirdness & Mutations

You are immune to sickness and miasma.
Your stone body is resilient. (AC +4)
You are immune to poison.
You resist negative energy. (rN+)
You are resistant to electric shocks. (rElec)
You are resistant to unholy torment.
You are immune to petrification.


Message History

A hobgoblin comes into view.
You shoot a sling bullet.
The sling bullet closely misses the hobgoblin.
You shoot a sling bullet. The sling bullet hits the hobgoblin.
The sling bullet freezes the hobgoblin.
You kill the hobgoblin!
Things that are here:
a +1 mace of pain; 3 boomerangs; an orc corpse You now have 221 gold pieces (gained 15).
There is an open door here.
A kobold comes into view. It is wielding a +0 whip.
You shoot a sling bullet.
The sling bullet completely misses the kobold.
You shoot a sling bullet. The sling bullet hits the kobold!
The sling bullet freezes the kobold.
You kill the kobold!
You hear a shout!
Grinder comes into view.
Press: ? - help, v - describe, . - travel
Here: Grinder The floor.
Unknown command.
You reach down and close the door.
Unknown command.
Grinder breaks down the door.
Grinder blinks!
Grinder misses you.
The blast of sand hits Grinder but does no damage.
Grinder hits you.
You writhe in agony.
Grinder hits you!
You writhe in agony.
Unknown command.
Grinder attacks as you move away! Grinder completely misses you.
There is an open door here.
Grinder attacks as you move away! Grinder hits you but does no damage.
Grinder attacks as you move away! Grinder hits you.
* * * LOW HITPOINT WARNING * * *
You writhe in agony.
* * * LOW HITPOINT WARNING * * *
Grinder says, "What is the universe for?"
Grinder attacks as you move away! Grinder hits you!
You die...

#.# ###.#### .# #.# .......# ##.
#.# ###.##.# #.. ##'## # #.##.#
#.# ##...## ###.##.# #.##
##.....## .##.##.######..##
##.......##
..#.##.##.......####.........####
................@5.'.........'.).
....##.##.###)..####.........####
.......##.# #...# ##.......##
.########.###.#.# ##.....## .#
#.......# ##...## .# #####.###
##'####### .# #.# #.......# .#
#.# #..####.# .# #.# ##.)####.#.


You could see Grinder.

Vanquished Creatures
  A howler monkey (D:3)
  Terence (D:3)
  4 gnolls (D:3)
  3 adders
  3 worms
  4 dart slugs
  An orc (D:3)
  6 endoplasms
  4 giant cockroaches
  5 goblins
  5 hobgoblins
  2 jackals (D:2)
  4 kobolds
  2 quokkas
  2 ball pythons
  4 bats
  2 frilled lizards
  4 rats
57 creatures vanquished.

Notes
Turn   | Place    | Note
-------+----------+-------------------------------------------
     0 | D:1      | MacCMillion the Gargoyle Earth Elementalist began the quest
                  | for the Orb.
     0 | D:1      | Reached XP level 1. HP: 10/10 MP: 3/3
   252 | D:1      | Found a faded altar of an unknown god.
   254 | D:1      | Reached skill level 4 in Earth Magic
   330 | D:1      | Reached XP level 2. HP: 7/15 MP: 0/5
  1044 | D:1      | Reached XP level 3. HP: 19/19 MP: 4/6
  1071 | D:1      | Reached skill level 5 in Earth Magic
  1197 | D:1      | Learned a level 3 spell: Stone Arrow
  1281 | D:2      | Identified the +5 sling "Wefeanet" {freeze, Fly rF+ Dex+4}
  1661 | D:2      | Reached skill level 1 in Conjurations
  1661 | D:2      | Reached XP level 4. HP: 24/24 MP: 5/7
  1990 | D:3      | Noticed Terence
  1992 | D:3      | Killed Terence
  2087 | D:3      | Reached XP level 5. HP: 28/28 MP: 7/9
  2211 | D:3      | Reached skill level 6 in Earth Magic
  2356 | D:3      | Noticed Grinder
  2371 | D:3      | Slain by Grinder

Illustrated notes

Levels and vault maps discovered:
D:1:      kennysheep_arrival_seaside, layout_loops_ring,
          ebering_ecumenical_altar_box, dreamdust_princess_corridor, st_stairs_5
D:2:      layout_rooms
D:3:      layout_loops_corners, uniq_robin, uniq_terence, uniq_grinder

Skill      XL: |  1  2  3  4  5 |
---------------+----------------+-----
Earth Magic    | 4 5 6 |  6.0
Conjurations   | 1 3 |  3.0
Spellcasting   | 3 |  3.0
Dodging        | |  1.5
Stealth        | |  2.1
Transmutations | |  0.7

Action                   |  1- 3 |  4- 6 || total
-------------------------+-------+-------++-------
Melee: Unarmed           |    10 |       ||    10
 Fire: Sling             |    15 |    37 ||    52
 Cast: Sandblast         |    43 |    13 ||    56
Armor: Robe              |     5 |     2 ||     7
Dodge: Dodged            |    15 |     4 ||    19
